 Dungeon Crawl Stone Soup version 0.25.1-8-g42b30a86e7 (webtiles) character file.

Game seed: 4675074098421867541

614 Descartes the Gusty (level 7, -2/36 HPs)
             Began as a Deep Elf Air Elementalist on Dec 12, 2020.
             Slain by Edmund
             ... wielding a +5 flail of draining
              (14 damage)
             ... on level 5 of the Dungeon.
             The game lasted 00:07:22 (5118 turns).

Descartes the Gusty (Deep Elf Air Elementalist)     Turns: 5118, Time: 00:07:22

Health: -2/36      AC:  3    Str:  5    XL:     7   Next: 20%
Magic:  4/13       EV: 12    Int: 22    God:
Gold:   207        SH:  0    Dex: 15    Spells: 11/12 levels left

rFire    + . .     SeeInvis .   j - +1 dagger (venom)
rCold    . . .     Gourm    .   (no shield)
rNeg     . . .     Faith    .   a - +0 robe
rPois    .         Spirit   .   x - +0 helmet
rElec    .         Reflect  .   (no cloak)
rCorr    .         Harm     .   (no gloves)
MR       .....                  (no boots)
Stlth    ++........             (no amulet)
HPRegen  0.12/turn              u - ring of protection from cold
MPRegen  0.13/turn              y - ring of fire

@: drained
A: no striking features
a: no special abilities


You were on level 5 of the Dungeon.
You were not hungry.

You visited 1 branch of the dungeon, and saw 5 of its levels.

You collected 207 gold pieces.

Inventory:

Hand Weapons
 d - a +2 short sword of speed
 j - a +1 dagger of venom (weapon)
Missiles
 b - 113 stones (quivered)
 g - 45 bolts
 h - 29 arrows
 q - 28 poisoned darts
 t - 5 boomerangs
Armour
 a - a +0 robe (worn)
 x - a +0 helmet (worn)
Magical Staves
 s - an uncursed staff of earth
Jewellery
 u - a ring of protection from cold (left hand)
 y - a ring of fire (right hand)
Scrolls
 e - 2 scrolls of remove curse {unknown}
 f - a scroll of fog {unknown}
 k - 2 scrolls of teleportation {unknown}
 n - 2 scrolls of enchant armour {unknown}
 o - 4 scrolls of identify {unknown}
 r - a scroll of fear {unknown}
 v - a scroll of blinking {unknown}
Potions
 i - 2 potions of lignification {unknown}
 l - a potion of invisibility {unknown}
 m - a potion of resistance {unknown}
 p - 2 potions of curing {unknown}
 w - a potion of ambrosia {unknown}
Comestibles
 c - 6 rations
 z - 4 chunks of flesh


   Skills:
 - Level 2.4(1.5) Dodging
 - Level 2.4(1.5) Stealth
 - Level 3.0(2.1) Spellcasting
 + Level 6.0(5.1) Conjurations
 + Level 6.2(5.3) Air Magic


You had 11 spell levels left.
You knew the following spells:

 Your Spells              Type           Power        Failure   Level  Hunger
a - Shock                 Conj/Air       ####         1%          1    #......

Your spell library contained the following spells:

 Spells                   Type           Power        Failure   Level  Hunger
 Static Discharge         Conj/Air       ####....     4%          3    ###....
 Swiftness                Chrm/Air       ##......     7%          2    ##.....
 Animate Skeleton         Necr           N/A          14%         1    #......
 Apportation              Tloc           #.....       14%         1    #......
 Corona                   Hex            #......      14%         1    #......
 Summon Small Mammal      Summ           #...         14%         1    #......
 Airstrike                Air            ####......   16%         4    #####..
 Lightning Bolt           Conj/Air       ####......   41%         5    ######.


Dungeon Overview and Level Annotations

Branches:
Dungeon (5/15)
 Temple: D:4-7

Altars:
Okawaru
Qazlal
Xom
Zin

Annotations:
D:5 Edmund


Message History

Edmund misses you.
Casting: Shock (safe; 1% risk of failure)
Confirm with . or Enter, or press ? or * to list all spells.
Aiming: Shock (safe; 1% risk of failure)
Press: ? - help, Shift-Dir - straight line, f/p - Edmund
Aim: Edmund, wielding a +5 flail of draining and wearing a +0 chain mail (severely wounded)
The zap misses Edmund.
The zap hits Edmund.
Edmund is almost dead.
Casting: Shock (safe; 1% risk of failure)
Confirm with . or Enter, or press ? or * to list all spells.
Aiming: Shock (safe; 1% risk of failure)
Press: ? - help, Shift-Dir - straight line, f/p - Edmund
Aim: Edmund, wielding a +5 flail of draining and wearing a +0 chain mail (almost dead)
The zap hits Edmund.
Edmund is almost dead.
The zap hits Edmund.
Edmund is almost dead.
Edmund says, "People accused me of being a cutpurse!"
Edmund hits you with a +5 flail of draining!
You die...

#...##..##<...#
#...##...+........
#....#...#........
#....#..##....##..
#....#..##....# ##
#....#..#......
#....#..#.......
#....#..#........
#...@@..#
#....#..# #....#
.# #....# # #....#
#....# #....#
#....#


You could see Edmund.

Vanquished Creatures
  An ogre (D:4)
  A scorpion (D:4)
  A howler monkey (D:4)
  A crimson imp (D:4)
  A bullfrog zombie (D:4)
  3 orc priests
  2 iguanas (D:4)
  3 worker ants (D:4)
  2 adders
  An ooze (D:1)
  A worm (D:3)
  5 dart slugs
  2 leopard geckos
  12 orcs
  10 bats
  3 giant cockroaches
  15 goblins
  11 hobgoblins
  15 jackals
  5 kobolds
  A quokka (D:3)
  4 ball pythons
  6 frilled lizards
  7 rats
113 creatures vanquished.

Notes
Turn   | Place    | Note
-------+----------+-------------------------------------------
     0 | D:1      | Descartes the Deep Elf Air Elementalist began the quest for
                  | the Orb.
     0 | D:1      | Reached XP level 1. HP: 10/10 MP: 6/6
   143 | D:1      | Reached XP level 2. HP: 15/15 MP: 5/8
   707 | D:1      | Reached XP level 3. HP: 19/19 MP: 5/9
  1631 | D:2      | Found a stormy altar of Qazlal.
  1631 | D:2      | Found a shimmering altar of Xom.
  1825 | D:2      | Reached XP level 4. HP: 16/24 MP: 1/10
  2160 | D:2      | Found a glowing silver altar of Zin.
  2160 | D:2      | Noticed an angel
  3266 | D:3      | Found an iron altar of Okawaru.
  3377 | D:4      | Reached XP level 5. HP: 23/28 MP: 3/11
  3540 | D:4      | Reached skill level 5 in Air Magic
  3672 | D:4      | Noticed an ogre
  3681 | D:4      | Killed an ogre
  3681 | D:4      | Reached XP level 6. HP: 13/32 MP: 2/12
  3699 | D:4      | Reached skill level 5 in Conjurations
  4372 | D:4      | Reached XP level 7. HP: 21/36 MP: 5/13
  4916 | D:5      | Entered Level 5 of the Dungeon
  5108 | D:5      | Noticed Edmund
  5118 | D:5      | Slain by Edmund

Illustrated notes

Levels and vault maps discovered:
D:1:      evilmike_arrival_rings, layout_loops_corners
D:2:      layout_rooms, grunt_temple_overflow_open, zin_angel,
          minmay_split_cup_small
D:3:      layout_loops_ring, chequers_serial_rivers_micro_c, dk_noncrumbling_4,
          kennysheep_okawaru_gauntlet
D:4:      layout_basic, first_ration
D:5:      layout_gridville, grunt_dithmenos_smoke_and_mirrors,
          minmay_temple_entry_tees, minivault_5, uniq_grinder, uniq_edmund

Skill      XL: |  1  2  3  4  5  6  7 |
---------------+----------------------+-----
Conjurations   | 2 3 4 5 6 |  6.0
Air Magic      | 4 5 6 |  6.2
Dodging        | |  2.4
Stealth        | |  2.4
Spellcasting   | |  3.0

Action                   |  1- 3 |  4- 6 |  7- 9 || total
-------------------------+-------+-------+-------++-------
Melee: Dagger            |     5 |     1 |       ||     6
 Cast: Shock             |    89 |   152 |    26 ||   267
  Eat: Chunk             |     3 |     7 |     2 ||    12
Armor: Robe              |     3 |       |       ||     3
Dodge: Dodged            |    11 |    11 |     4 ||    26
